 Dungeon Crawl Stone Soup version 0.26.1-2-gb8aa6d0cf2 (webtiles) character file.

Game seed: 2826932227222048381

98 FishyPogo the Insei (level 4, -7/34 HPs)
             Began as a Gnoll Transmuter on Feb 23, 2021.
             Mangled by Sigmund
             ... wielding a +0 scythe of venom
              (10 damage)
             ... on level 2 of the Dungeon.
             The game lasted 00:06:04 (1443 turns).

FishyPogo the Insei (Gnoll Transmuter)              Turns: 1443, Time: 00:06:05

Health: -7/34      AC:  2    Str: 12    XL:     4   Next: 71%
Magic:  9/11       EV: 17    Int: 18    God:
Gold:   78         SH:  0    Dex: 16    Spells: 7/13 levels left

rFire    . . .     SeeInvis .     - Unarmed
rCold    . . .     Faith    .   (no shield)
rNeg     . . .     Spirit   .   a - +0 robe
rPois    +         Reflect  .   (helmet currently unavailable)
rElec    .         Harm     .   f - scarf {repulsion}
rCorr    .         Rampage  .   (no gloves)
Will     .....                  (boots currently unavailable)
Stlth    ++........             (no amulet)
HPRegen  0.11/turn              l - ring of poison resistance
MPRegen  0.12/turn              (no ring)

@: brilliant, lethally poisoned (-7 -> -12), appendages, wereblooded,
attractive, repel missiles
A: distributed training, fangs 1, horns 2, talons 2, repulsion field 1, clever
1, strong nose
a: End Transformation


You were on level 2 of the Dungeon.
You had grown temporary horns.
You had grown temporary talons.
You visited 1 branch of the dungeon, and saw 2 of its levels.

You collected 78 gold pieces.

Inventory:

Hand Weapons
 h - a +2 hunting sling of freezing
Missiles
 c - 72 stones
 i - 6 javelins
Armour
 a - a +0 robe (worn)
 f - a scarf of repulsion (worn)
 m - a +2 cloak
Jewellery
 l - a ring of poison resistance (left hand)
Scrolls
 b - a scroll of teleportation {unknown}
 d - 2 scrolls of identify
 j - a scroll of enchant armour
 k - a scroll of remove curse {unknown}


   Skills:
 + Level 2.8 Fighting
 + Level 1.2 Short Blades
 + Level 1.2 Long Blades
 + Level 1.2 Axes
 + Level 1.2 Maces & Flails
 + Level 1.2 Polearms
 + Level 1.2 Staves
 + Level 1.2 Slings
 + Level 1.2 Bows
 + Level 1.2 Crossbows
 + Level 1.2 Throwing
 + Level 1.2 Armour
 + Level 4.7 Dodging
 + Level 1.2 Stealth
 + Level 1.2 Shields
 + Level 6.6 Unarmed Combat
 + Level 5.1 Spellcasting
 + Level 1.0 Conjurations
 + Level 1.0 Hexes
 + Level 1.0 Summonings
 + Level 1.0 Necromancy
 + Level 1.0 Translocations
 + Level 3.9 Transmutations
 + Level 1.0 Fire Magic
 + Level 1.0 Ice Magic
 + Level 1.0 Air Magic
 + Level 1.0 Earth Magic
 + Level 1.0 Poison Magic
 + Level 1.3 Invocations
 + Level 1.2 Evocations


You had 7 spell levels left.
You knew the following spells:

 Your Spells              Type           Power        Failure   Level
l - Spider Form           Tmut/Pois      10%          14%         3
u - Wereblood             Tmut           27%          4%          2
y - Beastly Appendage     Tmut           54%          2%          1

Your spell library contained the following spells:

 Spells                   Type           Power        Failure   Level
 Ice Form                 Ice/Tmut       20%          43%         4
 Blade Hands              Tmut           13%          58%         5


Dungeon Overview and Level Annotations

Branches:
Dungeon (2/15)

Altars:

Annotations:
D:2 Sigmund


Innate Abilities, Weirdness & Mutations

Your experience applies equally to all skills.
You have very sharp teeth.
Your uncanny sense of smell can sniff out nearby items.
You have a pair of horns on your head.
You have razor-sharp toenails.
You are surrounded by a mild repulsion field. (EV +2)
Your mind is acute. (Int +2)


Message History

You feel clever.
You begin to radiate repulsive energy.
Something hits you.
* * * LOW HITPOINT WARNING * * *
You are lethally poisoned!
As you read the scroll labelled NOUWKO PAAR, it crumbles to dust.
It is a scroll of identify.
j - a scroll of enchant armour
* * * LOW HITPOINT WARNING * * *
You feel sick.
You barely miss something. Your kick misses something.
Your headbutt misses something.
* * * LOW HITPOINT WARNING * * *
You feel sick. Something completely misses you.
You aren't carrying any potions.
As you read the scroll labelled GEIDAF BUDO, it crumbles to dust.
You assume a fearsome visage.
It was a scroll of fear.
You miss something. Your kick misses something. You headbutt something.
* * * LOW HITPOINT WARNING * * *
You feel sick. Something hits you!
You die...

#...# #...# #...# #
#.... # #.$.# ## #...##
##. ####..{.# .. ##..
#..#..@.# ...##+##..#
#..#....# #........##
#..####.# #.......###
#....##.### #####>#....
#.##.##...#######.####.
##.##.#.................
#..##.#..#.############.
#.###.##.#..# ## #.#
#.##.##.# #


There were no monsters in sight!

Vanquished Creatures
  Natasha (D:2)
  2 adders (D:2)
  An ooze (D:1)
  2 worms (D:2)
  A dart slug (D:1)
  A leopard gecko (D:2)
  4 bats (D:1)
  A giant cockroach (D:1)
  4 goblins
  8 hobgoblins
  4 jackals (D:2)
  8 kobolds
  2 frilled lizards
  5 rats
44 creatures vanquished.

Notes
Turn   | Place    | Note
-------+----------+-------------------------------------------
     0 | D:1      | FishyPogo the Gnoll Transmuter began the quest for the Orb.
     0 | D:1      | Reached XP level 1. HP: 17/17 MP: 6/6
    35 | D:1      | Reached XP level 2. HP: 21/23 MP: 5/7
    43 | D:1      | Learned a level 2 spell: Wereblood
   394 | D:1      | Reached XP level 3. HP: 28/28 MP: 7/9
   517 | D:1      | Reached skill level 5 in Spellcasting
   724 | D:2      | Reached skill level 1 in Invocations
   857 | D:2      | Reached skill level 1 in Short Blades
   857 | D:2      | Reached skill level 1 in Long Blades
   857 | D:2      | Reached skill level 1 in Axes
   857 | D:2      | Reached skill level 1 in Maces & Flails
   857 | D:2      | Reached skill level 1 in Polearms
   857 | D:2      | Reached skill level 1 in Staves
   857 | D:2      | Reached skill level 1 in Slings
   857 | D:2      | Reached skill level 1 in Bows
   857 | D:2      | Reached skill level 1 in Crossbows
   857 | D:2      | Reached skill level 1 in Throwing
   857 | D:2      | Reached skill level 1 in Armour
   857 | D:2      | Reached skill level 1 in Stealth
   857 | D:2      | Reached skill level 1 in Shields
   857 | D:2      | Reached skill level 1 in Evocations
   996 | D:2      | Reached XP level 4. HP: 34/34 MP: 9/11
  1000 | D:2      | Noticed Natasha
  1006 | D:2      | Killed Natasha
  1011 | D:2      | Learned a level 3 spell: Spider Form
  1210 | D:2      | Noticed Sigmund
  1296 | D:2      | Reached skill level 1 in Conjurations
  1296 | D:2      | Reached skill level 1 in Hexes
  1296 | D:2      | Reached skill level 1 in Summonings
  1296 | D:2      | Reached skill level 1 in Necromancy
  1296 | D:2      | Reached skill level 1 in Translocations
  1296 | D:2      | Reached skill level 1 in Fire Magic
  1296 | D:2      | Reached skill level 1 in Ice Magic
  1296 | D:2      | Reached skill level 1 in Air Magic
  1296 | D:2      | Reached skill level 1 in Earth Magic
  1296 | D:2      | Reached skill level 1 in Poison Magic
  1439 | D:2      | Gained mutation: Your mind is acute. (Int +2) [potion of
                  | mutation]
  1439 | D:2      | Gained mutation: You are surrounded by a mild repulsion
                  | field. (EV +2) [potion of mutation]
  1443 | D:2      | Mangled by Sigmund

Illustrated notes

Levels and vault maps discovered:
D:1:      psy_arrival_basics, layout_rooms
D:2:      layout_rooms, gammafunk_temple_overflow_claw, uniq_sigmund,
          uniq_natasha

Skill      XL: |  1  2  3  4 |
---------------+-------------+-----
Spellcasting   | 5 |  5.1
Invocations    | 1 |  1.3
Short Blades   | 1 |  1.2
Long Blades    | 1 |  1.2
Axes           | 1 |  1.2
Maces & Flails | 1 |  1.2
Polearms       | 1 |  1.2
Staves         | 1 |  1.2
Slings         | 1 |  1.2
Bows           | 1 |  1.2
Crossbows      | 1 |  1.2
Throwing       | 1 |  1.2
Armour         | 1 |  1.2
Stealth        | 1 |  1.2
Shields        | 1 |  1.2
Evocations     | 1 |  1.2
Conjurations   | 1 |  1.0
Hexes          | 1 |  1.0
Summonings     | 1 |  1.0
Necromancy     | 1 |  1.0
Translocations | 1 |  1.0
Fire Magic     | 1 |  1.0
Ice Magic      | 1 |  1.0
Air Magic      | 1 |  1.0
Earth Magic    | 1 |  1.0
Poison Magic   | 1 |  1.0
Fighting       | |  2.8
Dodging        | |  4.7
Unarmed Combat | |  6.6
Transmutations | |  3.9

Action                   |  1- 3 |  4- 6 || total
-------------------------+-------+-------++-------
Melee: Unarmed           |    65 |    27 ||    92
       Kick              |    17 |     2 ||    19
       Punch             |     2 |     2 ||     4
       Headbutt          |     6 |     4 ||    10
       Bite              |     8 |     2 ||    10
 Cast: Beastly Appendage |    12 |     6 ||    18
       Wereblood         |     1 |     2 ||     3
  Use: Potion            |       |     4 ||     4
       Scroll            |       |     2 ||     2
Armor: Robe              |    14 |     2 ||    16
Dodge: Dodged            |    48 |    12 ||    60
